 Dungeon Crawl Stone Soup version 0.31-a0-986-g5e6e4ef867 (webtiles) character file.

Game seed: 14253597631265573622

18594 Adrian566 the Severer (level 12, -7/111 HPs)
             Began as a Hill Orc Fighter on Nov 6, 2023.
             Was a High Priest of Beogh.
             Mangled by a fire elemental (18 damage)
             ... summoned by a deep elf pyromancer
             ... on level 11 of the Dungeon.
             The game lasted 00:15:51 (10875 turns).

Adrian566 the Severer (Hill Orc Fighter)           Turns: 10875, Time: 00:15:52

Health: -7/111     AC: 15    Str: 27    XL:     12   Next: 60%
Magic:  12/12      EV: 14    Int:  7    God:    Beogh [*****.]
Gold:   315        SH:  0    Dex: 14    Spells: 11/11 levels left

rFire   x . .        G - +2 battleaxe
rCold   + . .        (shield currently unavailable)
rNeg    . . .        w - +0 troll leather armour {Pargi}
rPois   +            (no helmet)
rElec   .            E - +2 cloak {rCorr}
rCorr   +            y - +0 pair of gloves of Purpose {Will+ Int+2 Dex+4}
SInv    +            o - +2 pair of boots {Stlth+}
Will    +++..        b - necklace of Bloodlust {Fury *Rage Will++ Int-3 Slay+6}
Stlth   +++          j - +4 ring of protection
HPRegen 1.18/turn    K - ring of Zeudd {Ice Str+3 SInv}
MPRegen 0.13/turn

%: random rage (50%)
@: on berserk cooldown, slowed, very slow
A: walk on water, claws 1, fangs 1, poison resistance
a: Renounce Religion, Smiting, Recall Orcish Followers, Give Item to Named
Follower


You were on level 11 of the Dungeon.
You worshipped Beogh.
Beogh was extremely pleased with you.
You visited 3 branches of the dungeon, and saw 14 of its levels.
You also visited: Sewer.

You collected 1652 gold pieces.
You spent 1337 gold pieces at shops.

Inventory:

Hand Weapons
 a - a +0 war axe
 G - a +2 battleaxe (weapon)
Missiles
 c - 2 throwing nets
Armour
 o - a +2 pair of boots of stealth (worn)
 w - a +0 troll leather armour (worn) {Pargi}
 y - the +0 pair of gloves of Purpose (worn) {Will+ Int+2 Dex+4}
   (You acquired it on level 2 of the Orcish Mines)

   Int+2:     It affects your intelligence (+2).
   Dex+4:     It affects your dexterity (+4).
   Will+:     It increases your willpower.
 E - a +2 cloak of preservation (worn)
Jewellery
 b - the necklace of Bloodlust (around neck) {Fury *Rage Will++ Int-3 Slay+6}
   (You bought it in a shop on level 2 of the Orcish Mines)

   [amulet of nothing]

   Fury:      It extends the wearer's berserk rage when killing foes.
   Int-3:     It affects your intelligence (-3).
   Slay+6:    It affects your accuracy & damage with ranged weapons and melee
   (+6).
   Will++:    It greatly increases your willpower.
   *Rage:     It berserks you when you make melee attacks (+50% chance).
 j - a +4 ring of protection (left hand)
 u - a +4 ring of protection
 J - an amulet of the acrobat
 K - the ring of Zeudd (right hand) {Ice Str+3 SInv}
   (You acquired it on level 2 of the Orcish Mines)

   [ring of ice]

   Ice:       It enhances your ice magic.
   Str+3:     It affects your strength (+3).
   rF-:       It makes you vulnerable to fire.
   rC+:       It protects you from cold.
   SInv:      It lets you see invisible.
Wands
 s - a wand of paralysis (8)
 x - a wand of flame (31)
Scrolls
 i - 2 scrolls of vulnerability
 k - 4 scrolls of noise
 l - a scroll of poison
 p - 5 scrolls of silence
 r - 5 scrolls of teleportation
 z - 3 scrolls of fog
 A - a scroll of enchant weapon
 B - 3 scrolls of identify
 C - 5 scrolls of fear
 D - a scroll of blinking
 F - a scroll of enchant armour
 I - 2 scrolls of immolation
Potions
 d - 2 potions of might
 e - 3 potions of lignification
 f - a potion of brilliance
 g - 2 potions of degeneration
 h - a potion of magic
 n - 3 potions of attraction
 q - 3 potions of curing
 t - a potion of resistance
 v - 3 potions of ambrosia
 H - a potion of mutation


   Skills:
 + Level 11.7 Fighting
 + Level 18.5 Axes
 + Level 7.1 Armour
 + Level 5.8 Dodging
 + Level 3.7 Stealth
 + Level 6.0 Shields
 + Level 0.1 Invocations


You had 11 spell levels left.
You didn't know any spells.
Your spell library contained the following spells:

 Spells                   Type           Power      Damage    Failure   Level
 Sandblast                Erth           0%         2d4       45%         1
 Shock                    Conj/Air       0%         1d3       45%         1
 Slow                     Hex            0%         N/A       45%         1
 Blink                    Tloc           0%         N/A       61%         2
 Ensorcelled Hibernation  Hex/Ice        0%         N/A       61%         2
 Jinxbite                 Hex            0%         N/A       61%         2
 Lesser Beckoning         Tloc           0%         N/A       61%         2
 Momentum Strike          Conj/Tloc      0%         3d8       61%         2
 Passwall                 Tmut/Erth      0%         N/A       61%         2
 Scorch                   Fire           0%         2d5       61%         2
 Static Discharge         Conj/Air       0%         3-3/arc   61%         2
 Confusing Touch          Hex            0%         N/A       83%         3
 Dazzling Flash           Conj/Hex       0%         N/A       83%         3
 Sigil of Binding         Hex            0%         N/A       83%         3
 Stone Arrow              Conj/Erth      0%         3d7       83%         3
 Swiftness                Air            0%         N/A       83%         3
 Tukima's Dance           Hex            0%         N/A       83%         3
 Vampiric Draining        Necr           0%         2d6       83%         3
 Volatile Blastmotes      Fire/Tloc      0%         2d10      83%         3
 Airstrike                Air            0%         2d(0-16)  99%         4
 Anguish                  Hex/Necr       0%         N/A       99%         4
 Animate Dead             Necr           0%         N/A       99%         4
 Brom's Barrelling Bould  Conj/Erth      0%         2d3       99%         4
 Dimensional Bullseye     Hex/Tloc       0%         N/A       99%         4
 Flame Wave               Conj/Fire      0%         2d4       99%         4
 Fulminant Prism          Conj/Hex       0%         3d5       99%         4
 Iskenderun's Mystic Bla  Conj/Tloc      0%         2d3       99%         4
 Borgnjor's Vile Clutch   Necr/Erth      0%         N/A       100%        5
 Fireball                 Conj/Fire      0%         3d3       100%        5
 Death Channel            Necr           0%         N/A       100%        6
 Starburst                Conj/Fire      0%         6d3       100%        6
 Summon Cactus Giant      Summ           0%         N/A       100%        6
 Maxwell's Capacitive Co  Air            0%         ∞         100%        8


Dungeon Overview and Level Annotations

Branches:
Dungeon (11/15)            Temple (1/1) D:6            Lair (0/5) D:11
    Orc (2/2) D:10            Elf (0/3) Orc:2         Sewer (visited)

Altars:
Ashenzari
Cheibriados
Dithmenos
Elyvilon
Fedhas
Gozag
Hepliaklqana
Kikubaaqudgha
Makhleb
Nemelex Xobeh
Okawaru
Qazlal
Ru
Sif Muna
Trog
Uskayaw
Vehumet
Wu Jian
Xom
Yredelemnul
Zin
The Shining One
Beogh

Shops:
D:2 (   Orc:1 =   Orc:2 [?=?(

Portals:
Trove: D:10 (give +2 shadow dragon scales)


Innate Abilities, Weirdness & Mutations

You can walk on water.
You have sharp fingernails.
You have very sharp teeth.
Your system is resistant to poisons. (rPois)


Message History

The deep elf pyromancer is severely wounded.
You hit the fire elemental. The fire elemental hits you.
The fire elemental burns you! The fire burns you terribly!
Beogh accepts your kill.
You feel a bit more experienced.
Your hellwing swoops through the air toward the deep elf pyromancer!
Your hellwing hits the deep elf pyromancer but does no damage.
Your hellwing hits the deep elf pyromancer.
The deep elf pyromancer mumbles some strange words.
The deep elf pyromancer blinks!
The deep elf pyromancer points at your hellwing and mumbles some strange words.
The sticky flame hits your hellwing but does no damage.
Your hellwing is covered in liquid flames!
The deep elf pyromancer hits your orc warrior with a +2 dagger of speed.
Your orc warrior dies!
The fire elemental closely misses you.
Your Armour skill increases to level 7!
You hit the deep elf pyromancer but do no damage.
The deep elf pyromancer is severely wounded.
You hit the fire elemental. You slash the fire elemental!
Your hellwing burns!
The fire elemental hits you. The fire elemental burns you!
The fire burns you terribly!
* * * LOW HITPOINT WARNING * * *
Your orc wizard gestures wildly while chanting.
Your orc wizard flickers and vanishes for a moment.
Something misses the fire elemental.
Something hits the fire elemental!
Your hellwing hits the deep elf pyromancer but does no damage.
Your hellwing closely misses the deep elf pyromancer.
The fire elemental hits you. The fire elemental burns you!
The fire burns you terribly!
* * * LOW HITPOINT WARNING * * *
The deep elf pyromancer closely misses your hellwing.
The deep elf pyromancer hits you with a +0 long sword.
* * * LOW HITPOINT WARNING * * *
The fire elemental misses something.
The fire elemental closely misses you.
Your orcs go into a battle-frenzy!
The fire elemental hits you. The fire elemental burns you!
The fire burns you terribly!
You die...

......#
#.....#
#####.#
#).).?#
#####.#
####o####
o.....#
#..o....#
#####.#
#.o!oo..#
#####.#
#.#o#o#.#


ooooo.# #.#o#.#.# #o##### # #o#.# # .ooo# #@#.# #.#.# #EEeE°E.# #.#.# #°e4e).○#
..#.# .°.#.#.#°'.. ###.# #○#.#.#.# ##+ ### #.#.#.#.# . # #.# # # ... You could
see 3 deep elf pyromancers, 4 fire elementals, the friendly Learuk the orc
knight (strong), a friendly hellwing (summoned, burning), a friendly orc
sorcerer (strong), 3 friendly orc warriors and 2 friendly orc wizards.

Vanquished Creatures
  Harold (Orc:1)
  Erolcha (Orc:2)
  An ogre mage (Orc:1)
  5 two-headed ogres
  A boulder beetle (D:11)
  An arcanist (D:11)
  A deep elf pyromancer (D:11)
  4 orc sorcerers (Orc:2)
  A manticore (Orc:2)
  An ugly thing (D:11)
  The ghost of Pokonic1 the Changeling, a novice TrBe of Trog (D:5)
  A gargoyle (D:10)
  An orange demon (Orc:2)
  A kobold demonologist (D:11)
  2 tengu conjurers (D:11)
  2 trolls
  A shadow (D:11)
  A wyvern (D:7)
  4 yaks (D:10)
  A steam dragon (D:8)
  A warg (Orc:2)
  Edmund (D:4)
  An acid dragon (D:11)
  An orc warrior (D:10)
  Pargi (Sewer)
  A black bear (D:6)
  2 ice beasts
  7 ogres
  2 centaurs (D:7)
  3 kobold brigands
  4 bullfrogs
  A gnoll sergeant (D:8)
  7 scorpions
  5 wights (D:8)
  5 killer bees (D:7)
  2 howler monkeys
  6 orc priests
  3 jellies
  Crazy Yiuf (D:7)
  A gnoll bouda (D:9)
  2 hounds
  3 iguanas
  3 sleepcaps
  15 orc wizards
  12 gnolls
  7 adders
  2 shadow imps
  A white imp (D:8)
  8 ufetubi
  5 worms
  4 dart slugs
  23 orcs
  4 endoplasms
  4 giant cockroaches
  2 goblins
  6 hobgoblins
  20 kobolds
  4 quokkas
  5 ball pythons
  9 bats
  7 frilled lizards
  8 rats
241 creatures vanquished.

Vanquished Creatures (collateral kills)
  Erica (Orc:1)
  Nergalle (Orc:2)
  A deep elf pyromancer (D:11)
  3 orc sorcerers (Orc:2)
  A manticore (Orc:2)
  Maggie (D:10)
  An orange demon (Orc:2)
  A komodo dragon (D:11)
  2 wraiths
  A basilisk (D:11)
  A warg (Orc:2)
  3 orc warriors
  2 ogres
  A kobold brigand (D:10)
  A scorpion (Orc:2)
  A bullfrog zombie (D:5)
  A centaur zombie (D:5)
  An orc priest (Orc:1)
  6 orc wizards
  10 orcs
  2 kobolds (D:10)
42 creatures vanquished.

Vanquished Creatures (others)
  3 orc warriors
  An orc priest (Orc:1)
  3 orc wizards (Orc:2)
  15 orcs
  A quokka (D:6)
23 creatures vanquished.

Grand Total: 306 creatures vanquished

Notes
Turn   | Place    | Note
-------+----------+-------------------------------------------
     0 | D:1      | Adrian566 the Hill Orc Fighter began the quest for the Orb.
     0 | D:1      | Reached XP level 1. HP: 19/19 MP: 1/1
   216 | D:1      | Reached XP level 2. HP: 21/27 MP: 2/2
   479 | D:1      | Reached skill level 3 in Axes
   796 | D:2      | Reached XP level 3. HP: 33/33 MP: 3/3
  1048 | D:2      | Found Baeguem's Weapon Boutique.
  1163 | D:2      | Reached XP level 4. HP: 33/40 MP: 4/4
  1314 | D:2      | Found a faded altar of an unknown god.
  1665 | D:3      | Reached skill level 4 in Axes
  1742 | D:3      | Found a blossoming altar of Fedhas.
  2362 | D:3      | Reached XP level 5. HP: 46/46 MP: 5/5
  2396 | D:3      | Found a hide-covered altar of Uskayaw.
  2495 | D:3      | Found an opulent altar of Gozag.
  2731 | D:4      | Found a bloodstained altar of Trog.
  2767 | D:4      | Found a roughly hewn altar of Beogh.
  2773 | D:4      | Became a worshipper of Beogh the Brigand
  2899 | D:4      | Found a glowing drain.
  2904 | Sewer    | Entered a sewer
  2907 | Sewer    | Noticed Pargi
  2912 | Sewer    | Killed Pargi
  2913 | Sewer    | Reached skill level 5 in Axes
  2913 | Sewer    | Reached XP level 6. HP: 50/53 MP: 6/6
  3144 | D:4      | Reached skill level 6 in Axes
  3168 | D:4      | Noticed Edmund
  3184 | D:4      | Killed Edmund
  3185 | D:4      | Reached skill level 1 in Dodging
  3560 | D:4      | Reached skill level 7 in Axes
  3560 | D:4      | Reached XP level 7. HP: 56/60 MP: 7/7
  3717 | D:5      | Entered Level 5 of the Dungeon
  3740 | D:5      | Found a transporter.
  3740 | D:5      | Noticed Pokonic1's ghost (novice TrBe)
  3750 | D:5      | Reached skill level 5 in Fighting
  3762 | D:5      | Reached * piety under Beogh
  3778 | D:5      | Found a transporter.
  3860 | D:5      | Reached skill level 8 in Axes
  4024 | D:5      | Found an iron altar of Okawaru.
  4110 | D:5      | Reached XP level 8. HP: 69/69 MP: 8/8
  4370 | D:5      | Killed Pokonic1's ghost
  4371 | D:5      | Reached skill level 9 in Axes
  4371 | D:5      | Reached skill level 5 in Armour
  4438 | D:6      | Identified the "Jubra"
  4444 | D:6      | Reached skill level 1 in Stealth
  4476 | D:6      | Reached skill level 10 in Axes
  4517 | D:6      | Reached XP level 9. HP: 63/78 MP: 9/9
  4524 | D:6      | Reached ** piety under Beogh
  4528 | D:6      | Reached skill level 5 in Shields
  4555 | D:6      | Found a white marble altar of Elyvilon.
  4658 | D:6      | Found a hazy altar of Hepliaklqana.
  4749 | D:6      | Found a staircase to the Ecumenical Temple.
  4766 | Temple   | Entered the Ecumenical Temple
  4808 | D:7      | Reached skill level 11 in Axes
  4846 | D:7      | Found a glowing silver altar of Zin.
  4899 | D:7      | Found a shimmering altar of Xom.
  4901 | D:7      | Found a shimmering altar of Xom.
  4934 | D:7      | Found a shimmering altar of Xom.
  5196 | D:7      | Found a shimmering altar of Xom.
  5224 | D:7      | Found a glowing golden altar of the Shining One.
  5435 | D:7      | Found a snail-covered altar of Cheibriados.
  5646 | D:7      | Found a runed translucent door.
  5647 | D:7      | Noticed Crazy Yiuf
  5811 | D:7      | Killed Crazy Yiuf
  5929 | D:8      | Identified the +10 sling of Beogh {heavy, rPois rC- rN++
                  | Stlth+}
  5935 | D:8      | Reached skill level 12 in Axes
  5961 | D:8      | Noticed a two-headed ogre
  5978 | D:8      | Killed a two-headed ogre
  5979 | D:8      | Reached XP level 10. HP: 49/90 MP: 10/10
  6011 | D:8      | Reached *** piety under Beogh
  6222 | D:8      | Reached skill level 13 in Axes
  6288 | D:8      | Found an ornate altar of the Wu Jian Council.
  6505 | D:9      | Noticed a two-headed ogre
  6514 | D:9      | Killed a two-headed ogre
  6863 | D:9      | Found a broken altar of Ashenzari.
  6863 | D:9      | Found a sacrificial altar of Ru.
  6898 | D:9      | Identified the +5 spear "Dieryma" {heavy, rPois rC+ Str-3
                  | Int+2}
  7183 | D:10     | Entered Level 10 of the Dungeon
  7313 | D:10     | Found a portal to a secret trove of treasure.
  7333 | D:10     | Reached skill level 14 in Axes
  7359 | D:10     | Found a staircase to the Orcish Mines.
  7451 | D:10     | Noticed a gargoyle
  7457 | D:10     | Killed a gargoyle
  7532 | D:10     | Identified the +5 mace of the Red God {drain, *Noise Fly
                  | rPois rN+++}
  7848 | D:10     | Noticed Maggie
  7859 | D:10     | Killed Maggie
  8618 | D:11     | Identified the "Ret Kait"
  8618 | D:11     | Identified the "Xisch"
  8618 | D:11     | Identified the "Plog"
  8618 | IceCv    | Identified the "Detim"
  8618 | Orc:1    | Entered Level 1 of the Orcish Mines
  8636 | Orc:1    | Found Nomocwomu's Jewellery Shoppe.
  8684 | Orc:1    | Noticed a two-headed ogre
  8686 | Orc:1    | Noticed a two-headed ogre
  8687 | Orc:1    | Noticed an ogre mage
  8695 | Orc:1    | Killed a two-headed ogre
  8696 | Orc:1    | Reached skill level 15 in Axes
  8696 | Orc:1    | Reached XP level 11. HP: 66/99 MP: 11/11
  8706 | Orc:1    | Killed an ogre mage
  8720 | Orc:1    | Reached **** piety under Beogh
  8814 | Orc:1    | Noticed Erica
  8823 | Orc:1    | Killed Erica
  8824 | Orc:1    | Reached skill level 10 in Fighting
  8895 | Orc:2    | Entered Level 2 of the Orcish Mines
  8902 | Orc:2    | Found a staircase to the Elven Halls.
  9006 | Orc:2    | Found Meunnog's Antique Weapon Shop.
  9014 | Orc:2    | Killed a two-headed ogre
  9061 | Orc:2    | Reached skill level 16 in Axes
  9065 | Orc:2    | Noticed a manticore
  9065 | Orc:2    | Noticed a manticore
  9073 | Orc:2    | Killed a manticore
  9074 | Orc:2    | Reached skill level 5 in Dodging
  9081 | Orc:2    | Killed a manticore
  9266 | Orc:2    | Found a roughly hewn altar of Beogh.
  9360 | Orc:2    | Noticed an orc sorcerer
  9369 | Orc:2    | Killed an orc sorcerer
  9370 | Orc:2    | Noticed an orc sorcerer
  9380 | Orc:2    | Gained Learuk as an ally
  9381 | Orc:2    | Killed an orc sorcerer
  9381 | Orc:2    | Reached ***** piety under Beogh
  9388 | Orc:2    | Found Ruymasusu's Magic Scroll Boutique.
  9399 | Orc:2    | Bought a scroll of identify for 26 gold pieces
  9399 | Orc:2    | Bought a scroll of identify for 26 gold pieces
  9399 | Orc:2    | Bought a scroll of identify for 26 gold pieces
  9399 | Orc:2    | Bought a scroll of identify for 26 gold pieces
  9399 | Orc:2    | Bought a scroll of identify for 26 gold pieces
  9399 | Orc:2    | Bought 3 scrolls of identify for 78 gold pieces
  9400 | Orc:2    | Identified 2 scrolls of acquirement
  9410 | Orc:2    | Acquired the ring of Zeudd {Ice Str+3 SInv}
  9414 | Orc:2    | Acquired the +0 pair of gloves of Purpose {Will+ Int+2
                  | Dex+4}
  9437 | Orc:2    | Found a radiant altar of Vehumet.
  9437 | Orc:2    | Noticed an orc sorcerer
  9437 | Orc:2    | Noticed Erolcha
  9438 | Orc:2    | Gained mutation: You have very sharp teeth. [potion of
                  | mutation]
  9438 | Orc:2    | Gained mutation: Your system is resistant to poisons.
                  | (rPois) [potion of mutation]
  9438 | Orc:2    | Gained mutation: You have sharp fingernails. [potion of
                  | mutation]
  9442 | Orc:2    | Killed an orc sorcerer
  9456 | Orc:2    | Noticed an orc sorcerer
  9459 | Orc:2    | Killed Erolcha
  9460 | Orc:2    | Reached skill level 17 in Axes
  9468 | Orc:2    | Noticed an orc sorcerer
  9476 | Orc:2    | Found an ancient bone altar of Kikubaaqudgha.
  9477 | Orc:2    | Noticed Nergalle
  9485 | Orc:2    | Killed Nergalle
  9488 | Orc:2    | Killed an orc sorcerer
  9491 | Orc:2    | Noticed an orc sorcerer
  9494 | Orc:2    | Noticed a sun demon
  9496 | Orc:2    | Killed an orc sorcerer
  9497 | Orc:2    | Reached XP level 12. HP: 61/108 MP: 12/12
  9751 | Orc:2    | Found a roughly hewn altar of Beogh.
  9751 | Orc:2    | Found Heri's Jewellery Shop.
  9772 | Orc:2    | Noticed a soul eater
  9790 | Orc:2    | Found Quare's Magic Scroll Boutique.
  9795 | Orc:2    | Bought the necklace of Bloodlust {Fury *Rage Will++ Int-3
                  | Slay+6} for 815 gold pieces
  9795 | Orc:2    | Found the necklace of Bloodlust {Fury *Rage Will++ Int-3
                  | Slay+6}
  9806 | Orc:2    | Found Midecradgh's Antique Armour Boutique.
  9818 | Orc:2    | Bought a pair of embroidered boots for 157 gold pieces
  9818 | Orc:2    | Bought a runed cloak for 157 gold pieces
  9986 | Orc:1    | Noticed Harold
  9994 | Orc:1    | Killed Harold
 10064 | Orc:1    | Noticed a two-headed ogre
 10071 | Orc:1    | Killed a two-headed ogre
 10303 | D:11     | Reached skill level 18 in Axes
 10414 | D:11     | Found a staircase to the Lair.
 10494 | D:11     | Noticed a boulder beetle
 10504 | D:11     | Killed a boulder beetle
 10875 | D:11     | Mangled by a fire elemental

Illustrated notes

Levels and vault maps discovered:
D:1:      scummos_arrival_checkerplants, layout_basic
D:2:      minmay_chambers_of_ones, layout_basic,
          hellmonk_ecumenical_altar_lost_god, serial_shops,
          nicolae_shop_waterfront, kennysheep_cross_bottleneck,
          grunt_ministairs_9
D:3:      layout_loops_corners, grunt_gozag_breadcrumbs,
          mainiacjoe_overflow_alcove_4, mainiacjoe_overflow_catwalk,
          minmay_misc_feat_enclosed
D:4:      layout_gridville, trog_butcher_becter, portal_sewer_entry_e,
          corexii_shack, kennysheep_orc_chapel, uniq_edmund
D:5:      layout_basic, okawaru_metal_pillars_3, gammafunk_ghost_mausoleum,
          water_boxes_lemuel
D:6:      layout_gridville, kennysheep_mini_moat, elyvilon_altar_4,
          minmay_temple_entry_hall
D:7:      layout_basic, xom_redecorated, kennysheep_mini, tso_oasis_becter,
          cheibriados_altar_1, uniq_crazy_yiuf_cottage
D:8:      layout_cave_pools, nicolae_overflow_hidden_temple
D:9:      layout_basic, gammafunk_temple_overflow_wave
D:10:     layout_layer_cave, david_orc_2, nicolae_trove_entry_crossroad,
          uniq_maggie
D:11:     evilmike_library_of_no_secrets, layout_loops_cross,
          david_lair_shrubbed, dk_noncrumbling_3,
          nicolae_concentric_dashed_squares_mild
Temple:   hellmonk_temple_two_chambers
Orc:1:    layout_diamond_mine, minmay_shop_enchanted_jewellery, uniq_harold,
          uniq_erica
Orc:2:    kennysheep_orc_mage_school, layout_caves, serial_shops,
          nicolae_shop_getting_attention, basic_altar,
          einodemon_barbed_minivault

Skill      XL: |  1  2  3  4  5  6  7  8  9 10 11 12 |
---------------+-------------------------------------+-----
Axes           | 3 4 5 7 8 10 12 15 17 18 | 18.5
Fighting       | 4 5 6 8 9 10 11 | 11.7
Armour         | 4 5 6 7 |  7.1
Shields        | 4 6 |  6.0
Dodging        | 1 3 4 5 |  5.8
Stealth        | 1 2 3 |  3.7
Invocations    | |  0.1

Action                     |  1- 3 |  4- 6 |  7- 9 | 10-12 || total
---------------------------+-------+-------+-------+-------++-------
  Melee: War axe           |    97 |   166 |   309 |    22 ||   594
         Battleaxe         |       |       |       |   307 ||   307
         Bite              |       |       |       |    15 ||    15
 Invoke: Convert to Beogh  |       |     1 |       |       ||     1
         Recall Orcish Fol |       |       |       |     1 ||     1
    Use: Scroll            |       |     8 |     4 |    13 ||    25
         Potion            |       |     6 |     3 |     1 ||    10
   Stab: Invisible         |       |     1 |     3 |       ||     4
         Distracted        |       |       |       |     1 ||     1
         Sleeping          |       |       |       |     4 ||     4
 Armour: Scale mail        |    69 |    86 |       |       ||   155
         Troll leather arm |       |    22 |   264 |   254 ||   540
  Dodge: Dodged            |    38 |    72 |   183 |   175 ||   468
  Block: Buckler           |    18 |    25 |    86 |     3 ||   132

Table legend: (Time is in decaauts)
 A = Elapsed time spent in this place.
 B = Non-inter-level travel time spent in this place.
 C = Inter-level travel time spent in this place.
 D = Time resting spent in this place.
 E = Time spent auto-exploring this place.
 F = Levels seen in this place.
 G = Mean time per level.
                   A        B        C        D        E       F      G
               +--------+--------+--------+--------+--------+-----+--------+
         Total |  11026 |  10476 |    550 |    484 |   7839 |  15 |  735.1 |
       Dungeon |   9267 |   8893 |    374 |    484 |   6691 |  11 |  842.5 |
        Temple |      1 |      1 |      0 |      0 |      0 |   1 |    1.0 |
  Orcish Mines |   1617 |   1441 |    176 |      0 |   1051 |   2 |  808.5 |
         Sewer |    140 |    140 |      0 |      0 |     97 |   1 |  140.0 |
               +--------+--------+--------+--------+--------+-----+--------+

Top non-repeatable levels by time:
    D:10: 1481 daAuts
     D:3: 1117 daAuts
   Orc:2: 1101 daAuts
     D:7: 1065 daAuts
     D:4: 939 daAuts
     D:2: 810 daAuts
     D:1: 796 daAuts
     D:5: 731 daAuts
     D:9: 707 daAuts
    D:11: 652 daAuts
     D:8: 599 daAuts
   Orc:1: 516 daAuts
     D:6: 364 daAuts
   Sewer: 140 daAuts
  Temple: 1 daAuts
